 Dungeon Crawl Stone Soup version 0.29.1-15-g9cfb28693d (webtiles) character file.

Game seed: 16638735145154963708

6 protoss039 the Digger (level 1, 0/14 HPs)
             Began as a Demonspawn Earth Elementalist on Mar 13, 2023.
             Slain by a ball python (1 damage)
             ... on level 1 of the Dungeon.
             The game lasted 00:00:11 (156 turns).

protoss039 the Digger (DsEE)                         Turns: 156, Time: 00:00:12

Health: 0/14       AC:  2    Str:  8    XL:     1   Next: 75%
Magic:  2/3        EV:  9    Int: 16    God:
Gold:   35         SH:  0    Dex: 13    Spells: 3/4 levels left

rFire   . . .      SeeInvis .   c - +0 dagger
rCold   . . .      Faith    .   (no shield)
rNeg    . . .      Spirit   .   a - +0 robe
rPois   .          Reflect  .   (no helmet)
rElec   .          Harm     .   (no cloak)
rCorr   .          Rampage  .   (no gloves)
Will    .....                   (no boots)
Stlth   ++........              (no amulet)
HPRegen 0.04/turn               (no ring)
MPRegen 0.08/turn               (no ring)

@: constricted
A: no striking features
a: no special abilities


You were on level 1 of the Dungeon.
You visited 1 branch of the dungeon, and saw 1 of its levels.

You collected 35 gold pieces.

Inventory:

Hand Weapons
 c - a +0 dagger (weapon)
Armour
 a - a +0 robe (worn)
Potions
 b - a potion of magic
 d - a potion of might {unknown}


   Skills:
 + Level 0.5 Fighting
 - Level 1.7 Dodging
 - Level 1.7 Stealth
 + Level 2.1 Spellcasting
 - Level 0.8 Transmutations
 + Level 2.8 Earth Magic


You had 3 spell levels left.
You knew the following spells:

 Your Spells              Type           Power      Damage    Failure   Level
a - Sandblast             Erth           20%        2d7       6%          1

Your spell library contained the following spells:

 Spells                   Type           Power      Damage    Failure   Level
 Passwall                 Tmut/Erth      5%         N/A       14%         2
 Stone Arrow              Conj/Erth      12%        3d7       34%         3
 Petrify                  Tmut/Erth      7%         N/A       67%         4


Dungeon Overview and Level Annotations

Branches:
Dungeon (1/15) Zot: 5840

Altars:


Message History

Aim: a hobgoblin (82% to hit)
The blast of sand hits the hobgoblin.
You kill the hobgoblin!
Unknown command.
You now have 35 gold pieces (gained 11).
Found 6 stones.
You see here a hobgoblin corpse.
No target in view!
d - a clear potion No target in view!
A frilled lizard, a goblin and a ball python come into view.
The ball python hisses angrily.
A giant cockroach comes into view.
There are monsters nearby!
A gnoll comes into view. It is wielding a +0 spear.
There are monsters nearby!
The helpless frilled lizard fails to defend itself.
You puncture the frilled lizard!
You kill the frilled lizard!
The gnoll shouts!
You hear a shout!
The goblin shouts!
There are monsters nearby!
You closely miss the ball python.
You hear a shout!
The ball python barely misses you. x2
The gnoll hits you from afar with a +0 spear!
Ouch! That really hurt!
Casting: Sandblast (safe; 6% risk of failure)
Confirm with . or Enter, or press ? or * to list all spells.
Aiming: Sandblast (safe; 6% risk of failure)
Press: ? - help, Shift-Dir - straight line, f - ball python
Aim: a ball python (80% to hit)
The blast of sand misses the ball python.
The blast of sand hits the goblin.
The goblin is almost dead.
The ball python bites you.
* * * LOW HITPOINT WARNING * * *
The ball python grabs you. The ball python constricts you.
* * * LOW HITPOINT WARNING * * *
The gnoll closely misses you. The ball python bites you.
You die...

.# .###..#..###.### #.
#...#..##...#... #..
.#...#...#...#... #..#
.#..###..#†..#..#
#..###..#...#..###...#
#.B.#...#...#...#....#
.g#.g##...#.(.#.....
###S†#..###.###....##
#...@#...........#.#
##...#......###..#.#
#.......#.....#...#
#############...###


You could see a gnoll, a giant cockroach, a goblin and a ball python.

Vanquished Creatures
  2 giant cockroaches (D:1)
  A hobgoblin (D:1)
  A frilled lizard (D:1)
  A goblin (D:1)
  A rat (D:1)
6 creatures vanquished.

Notes
Turn   | Place    | Note
-------+----------+-------------------------------------------
     0 | D:1      | protoss039 the Demonspawn Earth Elementalist began the
                  | quest for the Orb.
     0 | D:1      | Reached XP level 1. HP: 13/13 MP: 3/3
   156 | D:1      | Slain by a ball python

Illustrated notes

Levels and vault maps discovered:
D:1:      wander_arrival_peaceful_grave, layout_basic, basic_ecumenical_altar,
          dreamdust_princess_corridor, nicolae_titane

Action                   || total
-------------------------++-------
Melee: Dagger            ||    10
 Cast: Sandblast         ||     6
 Stab: Sleeping          ||     2
Dodge: Dodged            ||    12
